[Event "Porticcio op 3rd"]
[Site "Grosseto Prugna"]
[Date "2016.06.28"]
[Round "5"]
[White "Cornette, Matthieu"]
[Black "Zhigalko, Sergei"]
[Result "1/2-1/2"]
[ECO "B30"]
[WhiteElo "2583"]
[BlackElo "2653"]
[PlyCount "50"]
[EventDate "2016.06.25"]
[EventType "swiss"]
[EventRounds "9"]
[EventCountry "FRA"]
[SourceTitle "EXT 2017"]
[Source "ChessBase"]
[SourceDate "2016.10.25"]
[SourceVersion "1"]
[SourceVersionDate "2016.10.25"]
[SourceQuality "1"]
[TimeControl "5400+30"]

1. e4 c5 2. Nf3 Nc6 3. Bb5 Nf6 4. Nc3 Qc7 5. O-O Nd4 6. Re1 a6 7. Bc4 d6 8. Nd5 Nxd5 9. exd5 g6 10. Nxd4 cxd4 11. d3 h6 12. a4 Bg7 13. Bd2 Bf6 14. a5 Kf8 15. Ra3 Kg7 16. Rb3 h5 17. Rb6 h4 18. h3 Bf5 19. b4 Qd7 20. Qf3 Rac8 21. b5 axb5 22. Bxb5 Qc7 23. Bc4 Qd7 24. Bb5 Qc7 25. Bc4 Qd7 1/2-1/2

[Event "Porticcio op 3rd"]
[Site "Grosseto Prugna"]
[Date "2016.06.28"]
[Round "6"]
[White "Zhigalko, Sergei"]
[Black "Sagar, Shah"]
[Result "1-0"]
[ECO "B12"]
[WhiteElo "2653"]
[BlackElo "2433"]
[PlyCount "71"]
[EventDate "2016.06.25"]
[EventType "swiss"]
[EventRounds "9"]
[EventCountry "FRA"]
[SourceTitle "EXT 2017"]
[Source "ChessBase"]
[SourceDate "2016.10.25"]
[SourceVersion "1"]
[SourceVersionDate "2016.10.25"]
[SourceQuality "1"]
[TimeControl "5400+30"]

1. e4 c6 2. d4 d5 3. e5 Bf5 4. Nf3 e6 5. Be2 Ne7 6. O-O c5 7. Na3 Nec6 8. Bg5 Be7 9. Bxe7 Qxe7 10. c4 dxc4 11. Nxc4 O-O 12. dxc5 Nd7 13. Nd6 Nxc5 14. Bb5 Bg4 15. Bxc6 bxc6 16. h3 Bh5 17. Rc1 Nd7 18. g4 Bg6 19. Rxc6 f6 20. Nc4 Nxe5 21. Ncxe5 fxe5 22. Nxe5 Be4 23. Qd6 Qxd6 24. Rxd6 Bd5 25. Rc1 Bxa2 26. Rd7 Rfd8 27. Re7 Re8 28. Rxe8+ Rxe8 29. Ra1 Bd5 30. Rxa7 Rb8 31. Rc7 h5 32. g5 g6 33. Nxg6 Be4 34. Nf4 h4 35. Nh5 Bf5 36. g6 1-0

[Event "Porticcio op 3rd"]
[Site "Grosseto Prugna"]
[Date "2016.06.29"]
[Round "7"]
[White "Sengupta, Deep"]
[Black "Zhigalko, Sergei"]
[Result "1-0"]
[ECO "B33"]
[WhiteElo "2543"]
[BlackElo "2653"]
[PlyCount "165"]
[EventDate "2016.06.25"]
[EventType "swiss"]
[EventRounds "9"]
[EventCountry "FRA"]
[SourceTitle "EXT 2017"]
[Source "ChessBase"]
[SourceDate "2016.10.25"]
[SourceVersion "1"]
[SourceVersionDate "2016.10.25"]
[SourceQuality "1"]
[TimeControl "5400+30"]

1. e4 c5 2. Nf3 Nc6 3. d4 cxd4 4. Nxd4 Nf6 5. Nc3 e5 6. Ndb5 d6 7. Bg5 a6 8. Na3 b5 9. Nd5 Be7 10. Bxf6 Bxf6 11. c4 b4 12. Nc2 O-O 13. g3 a5 14. h4 Be6 15. Bg2 Be7 16. O-O Qb8 17. b3 Bd8 18. Qe2 Bb6 19. Nxb6 Qxb6 20. Rfd1 Qc5 21. Rd3 a4 22. Rad1 axb3 23. axb3 Ra2 24. R1d2 h6 25. Kh2 Rfa8 26. Bh3 Rxc2 27. Rxc2 Bxh3 28. Kxh3 Nd4 29. Qd1 Nxc2 30. Qxc2 Ra3 31. Kg2 Qa7 32. Qd1 Ra2 33. Qf3 Qc7 34. Rd5 Ra5 35. Rd2 Ra3 36. Qd1 Kh7 37. Rd5 Ra6 38. h5 Rb6 39. Qg4 Kg8 40. Qf5 Rc6 41. Rb5 Rb6 42. Ra5 Rb8 43. Rd5 Rd8 44. Qg4 Rb8 45. Qf5 Rd8 46. Kg1 Rf8 47. Kh1 Rd8 48. Kh2 Rf8 49. Qf3 Rb8 50. Qg4 Ra8 51. Qd1 Ra2 52. Kg2 Qa7 53. c5 Ra1 54. Qf3 Qa6 55. Rd3 d5 56. Rxd5 Qf1+ 57. Kh2 f6 58. Rd2 Rc1 59. c6 Qe1 60. Rd8+ Kf7 61. c7 Rxc7 62. Qf5 Ke7 63. Rd5 Qf1 64. Rd2 Qc1 65. Rd3 Qg5 66. Qf3 Rd7 67. Rxd7+ Kxd7 68. Qd1+ Ke8 69. Kg2 f5 70. exf5 Qxf5 71. Qe2 Ke7 72. Qc4 Qxh5 73. Qxb4+ Ke8 74. Qe4 Kd7 75. b4 Qg5 76. b5 Kc7 77. Qc6+ Kb8 78. Qd6+ Kc8 79. b6 Qc1 80. Qd5 g5 81. Qa8+ Kd7 82. b7 Qc6+ 83. Kh2 1-0

[Event "Porticcio op 3rd"]
[Site "Grosseto Prugna"]
[Date "2016.06.30"]
[Round "8"]
[White "Zhigalko, Sergei"]
[Black "Schnider, Gert"]
[Result "1-0"]
[ECO "C88"]
[WhiteElo "2653"]
[BlackElo "2374"]
[PlyCount "73"]
[EventDate "2016.06.25"]
[EventType "swiss"]
[EventRounds "9"]
[EventCountry "FRA"]
[SourceTitle "EXT 2017"]
[Source "ChessBase"]
[SourceDate "2016.10.25"]
[SourceVersion "1"]
[SourceVersionDate "2016.10.25"]
[SourceQuality "1"]
[TimeControl "5400+30"]

1. e4 e5 2. Nf3 Nc6 3. Bb5 a6 4. Ba4 Nf6 5. O-O Be7 6. Re1 b5 7. Bb3 O-O 8. h3 Bb7 9. d3 d5 10. exd5 Nxd5 11. Nxe5 Nxe5 12. Rxe5 Qd6 13. Re1 Rae8 14. Nd2 c5 15. Ne4 Qc6 16. c4 Nb6 17. f3 Bh4 18. Re2 Qc7 19. cxb5 axb5 20. Bd2 c4 21. dxc4 bxc4 22. Bc2 Nd5 23. Kh1 f5 24. Nc3 Nf4 25. Bxf4 Qxf4 26. Rxe8 Rxe8 27. Qd7 Re7 28. Qxf5 Qg3 29. Qxh7+ Kf8 30. Be4 Bf6 31. Qf5 Re5 32. Qg4 Qf2 33. Bxb7 Re1+ 34. Rxe1 Qxe1+ 35. Kh2 Be5+ 36. f4 Bd4 37. Ne2 1-0

[Event "Porticcio op 3rd"]
[Site "Grosseto Prugna"]
[Date "2016.07.01"]
[Round "9"]
[White "Lalith, Babu MR"]
[Black "Zhigalko, Sergei"]
[Result "0-1"]
[ECO "E14"]
[WhiteElo "2579"]
[BlackElo "2653"]
[PlyCount "66"]
[EventDate "2016.06.25"]
[EventType "swiss"]
[EventRounds "9"]
[EventCountry "FRA"]
[SourceTitle "EXT 2017"]
[Source "ChessBase"]
[SourceDate "2016.10.25"]
[SourceVersion "1"]
[SourceVersionDate "2016.10.25"]
[SourceQuality "1"]
[TimeControl "5400+30"]

1. Nf3 Nf6 2. c4 e6 3. d4 Bb4+ 4. Nbd2 O-O 5. a3 Bxd2+ 6. Qxd2 b6 7. e3 Bb7 8. b3 d6 9. Bb2 Nbd7 10. Be2 c5 11. O-O Ne4 12. Qc2 Ng5 13. Nd2 f5 14. f3 Qe7 15. Qc3 cxd4 16. exd4 e5 17. Rfe1 Ne6 18. dxe5 dxe5 19. Bf1 Rae8 20. b4 h5 21. Rad1 h4 22. Qe3 Nf4 23. Nb3 h3 24. g3 Ng2 25. Bxg2 hxg2 26. Qd3 Rd8 27. Qe2 Qf7 28. Nd2 e4 29. fxe4 fxe4 30. Bd4 Nc5 31. Qe3 Nd3 32. Re2 Qh5 33. Bc3 Nf2 0-1

[Event "FRA-chT Top 12"]
[Site "Brest"]
[Date "2018.05.26"]
[Round "1"]
[White "Zhigalko, Sergei"]
[Black "Villegas, Pierre"]
[Result "1-0"]
[ECO "B12"]
[WhiteElo "2606"]
[BlackElo "2345"]
[Annotator "ChessBase II"]
[PlyCount "79"]
[EventDate "2018.05.26"]
[EventType "team-tourn"]
[EventRounds "11"]
[EventCountry "FRA"]
[SourceTitle "EXT 2019"]
[Source "ChessBase"]
[SourceDate "2018.10.10"]
[SourceVersion "1"]
[SourceVersionDate "2018.10.10"]
[SourceQuality "1"]
[WhiteTeam "Bois Colombes"]
[BlackTeam "Cemc Monaco"]
[WhiteTeamCountry "FRA"]
[BlackTeamCountry "MNC"]
[TimeControl "40/5400+30:1800+30"]

1. e4 c6 2. d4 d5 3. e5 Bf5 4. Nf3 e6 5. Be2 c5 6. Be3 cxd4 7. Nxd4 Ne7 8. Nd2 Nbc6 9. N2f3 Be4 10. O-O Bxf3 11. Nxf3 Qc7 12. Rc1 Nf5 $146 {[%emt 0:10:03] Une nouveauté trouvée devant l'échiquier} (12... Rd8 13. c4 {1-0 Caruana,F (2736)-Iturrizaga Bonelli,E (2649) Moscow Aeroflot op-A 11th 2012 (3)} (13. c3)) 13. Bf4 Be7 14. Bd3 g6 15. c3 h6 16. h3 Nh4 17. Nxh4 Bxh4 18. c4 d4 19. Re1 Bg5 20. Bxg5 hxg5 21. Be4 Rh4 22. Bxc6+ Qxc6 23. f3 O-O-O 24. Qd3 Kb8 25. b4 Rf4 26. Rc2 Rd7 27. a3 Rh4 28. Ra1 Qa4 29. Re2 Rd8 30. Kh2 Rdh8 31. Raa2 Rd8 32. Kg1 Rc8 33. Rac2 a5 34. Rb2 Rc7 35. c5 axb4 36. axb4 Qa6 37. Qb3 d3 38. Red2 Qa1+ $2 (38... Rd7 $11 ) 39. Rd1 Qa6 40. Rxd3 1-0

[Event "FRA-chT Top 12"]
[Site "Brest"]
[Date "2018.05.27"]
[Round "2"]
[White "Fressinet, Laurent"]
[Black "Zhigalko, Sergei"]
[Result "1/2-1/2"]
[ECO "E11"]
[WhiteElo "2651"]
[BlackElo "2606"]
[Annotator "ChessBase II"]
[PlyCount "35"]
[EventDate "2018.05.26"]
[EventType "team-tourn"]
[EventRounds "11"]
[EventCountry "FRA"]
[SourceTitle "EXT 2019"]
[Source "ChessBase"]
[SourceDate "2018.10.10"]
[SourceVersion "1"]
[SourceVersionDate "2018.10.10"]
[SourceQuality "1"]
[WhiteTeam "Clichy Echecs 92"]
[BlackTeam "Bois Colombes"]
[WhiteTeamCountry "FRA"]
[BlackTeamCountry "FRA"]
[TimeControl "40/5400+30:1800+30"]

1. Nf3 Nf6 2. c4 e6 3. g3 d5 4. d4 Bb4+ 5. Bd2 Be7 6. Bg2 O-O 7. O-O c6 8. Qc2 b6 9. Rd1 Bb7 10. b3 Nbd7 11. Nc3 Qc8 (11... Rc8 12. Bf4 c5 13. Nb5 cxd4 14. Nd6 Bxd6 15. Bxd6 Re8 16. Nxd4 Nc5 17. Bxc5 Rxc5 18. Qb2 e5 19. Nb5 Qb8 20. e3 h5 21. Qe2 a6 22. Na3 d4 23. Nc2 Bxg2 24. Kxg2 Ne4 25. Qf1 h4 26. f3 Nc3 27. Rd2 hxg3 28. hxg3 Re6 29. Qf2 Rf6 30. exd4 Ne4 31. Qe3 Nxd2 32. dxc5 Nxf3 33. cxb6 Qb7 {0-1 (33) Meier,G (2648)-Naiditsch,A (2701) Karlsruhe/Baden-Baden 2018}) 12. Bf4 Rd8 13. Rac1 Ba3 14. Rb1 Bb4 $146 (14... Bf8 15. e4 dxe4 16. Ng5 c5 17. d5 e5 18. Bc1 h6 19. Ngxe4 Nxe4 20. Bxe4 Nf6 21. Bg2 Qg4 22. Re1 Qh5 23. Bb2 Bc8 24. Qe2 Bf5 25. Qxh5 Nxh5 26. Rbd1 Bd6 27. Nb5 f6 28. Nxd6 Rxd6 29. f4 Bg4 30. fxe5 fxe5 31. Bxe5 Rd7 32. Rd3 Nf6 33. Rde3 Nh7 34. h3 Bh5 35. Be4 Ng5 36. Bf5 Rf7 37. g4 Rxf5 38. gxf5 Nf3+ 39. Rxf3 Bxf3 40. Kf2 Bh5 41. Rg1 g6 42. fxg6 Rf8+ 43. Ke3 Rf3+ 44. Ke4 {Kreisl,R (2432)-Van Hoolandt,P (2236) Tromsoe 2014 1-0}) 15. Qb2 dxc4 16. bxc4 Bxc3 17. Qxc3 c5 (17... Ne4) 18. dxc5 1/2-1/2

[Event "FRA-chT Top 12"]
[Site "Brest"]
[Date "2018.05.28"]
[Round "3"]
[White "Zhigalko, Sergei"]
[Black "Bailet, Pierre"]
[Result "1/2-1/2"]
[ECO "B31"]
[WhiteElo "2606"]
[BlackElo "2501"]
[Annotator "ChessBase II"]
[PlyCount "43"]
[EventDate "2018.05.26"]
[EventType "team-tourn"]
[EventRounds "11"]
[EventCountry "FRA"]
[SourceTitle "EXT 2019"]
[Source "ChessBase"]
[SourceDate "2018.10.10"]
[SourceVersion "1"]
[SourceVersionDate "2018.10.10"]
[SourceQuality "1"]
[WhiteTeam "Bois Colombes"]
[BlackTeam "Vandoeuvre"]
[WhiteTeamCountry "FRA"]
[BlackTeamCountry "FRA"]
[TimeControl "40/5400+30:1800+30"]

1. e4 c5 2. Nf3 Nc6 3. Nc3 g6 4. Bb5 Bg7 5. O-O e5 6. a3 (6. d3 Nge7 7. Bc4 O-O 8. a3 d6 9. h3 h6 10. b4 Kh7 11. bxc5 dxc5 12. Rb1 b6 13. Nd5 Be6 14. Nxe7 Qxe7 15. Bd5 Qd6 16. c4 Rab8 17. Bb2 Bd7 18. Bc3 Ne7 19. Qd2 g5 20. Rfe1 Ng6 21. Nh2 Nf4 22. Re3 h5 23. Qd1 Qg6 24. Rg3 f6 25. Bd2 Bh6 26. a4 Qe8 27. Ra1 a5 28. Nf1 Rd8 29. Ra3 Bc8 30. Ne3 Rd6 31. Rf3 Bd7 32. g4 Rh8 33. Rg3 Bf8 34. Nf5 Bxf5 35. gxf5 h4 {Le,Q (2737)-Dubov,D (2694) Caleta 2018 1-0}) 6... Nge7 7. b4 d6 8. Bc4 O-O 9. Rb1 Nd4 $146 (9... Rb8 10. Nd5 b5 11. Ba2 {1-0 (11) Rasik,V (2469)-Voloshin,L (2494) Czechia 2005}) 10. bxc5 dxc5 11. Nxd4 cxd4 12. Ne2 Qc7 13. d3 b6 14. Bd2 Bb7 15. Bb4 Rae8 (15... Rfe8) 16. c3 Bxe4 17. dxe4 Qxc4 18. cxd4 exd4 19. Rc1 Qe6 20. Nxd4 Bxd4 21. Qxd4 Nc6 22. Rxc6 1/2-1/2

[Event "FRA-chT Top 12"]
[Site "Brest"]
[Date "2018.05.29"]
[Round "4"]
[White "Fedorchuk, Sergey A"]
[Black "Zhigalko, Sergei"]
[Result "1/2-1/2"]
[ECO "C84"]
[WhiteElo "2637"]
[BlackElo "2606"]
[Annotator "ChessBase II"]
[PlyCount "53"]
[EventDate "2018.05.26"]
[EventType "team-tourn"]
[EventRounds "11"]
[EventCountry "FRA"]
[SourceTitle "EXT 2019"]
[Source "ChessBase"]
[SourceDate "2018.10.10"]
[SourceVersion "1"]
[SourceVersionDate "2018.10.10"]
[SourceQuality "1"]
[WhiteTeam "Evry Grand Roque"]
[BlackTeam "Bois Colombes"]
[WhiteTeamCountry "FRA"]
[BlackTeamCountry "FRA"]
[TimeControl "40/5400+30:1800+30"]

1. e4 e5 2. Nf3 Nc6 3. Bb5 a6 4. Ba4 Nf6 5. O-O Be7 6. d3 b5 7. Bb3 d6 8. a3 O-O 9. Nc3 Bg4 10. Be3 Nd4 11. Bxd4 exd4 12. Nd5 Nd7 13. h3 Bxf3 14. Qxf3 a5 15. Nf4 a4 16. Ba2 Rb8 17. Qd1 c6 18. Ne2 Qb6 19. Ng3 g6 20. f4 b4 21. axb4 (21. f5 $143 b3 22. cxb3 axb3 23. Bb1 Bg5 $132) 21... Qxb4 22. Rb1 Kh8 23. Qg4 Nf6 24. Qe2 Nd7 25. Qg4 Nf6 26. Qe2 Nd7 27. Qg4 1/2-1/2

[Event "FRA-chT Top 12"]
[Site "Brest"]
[Date "2018.05.30"]
[Round "5"]
[White "Zhigalko, Sergei"]
[Black "Malakhov, Vladimir"]
[Result "1/2-1/2"]
[ECO "C67"]
[WhiteElo "2606"]
[BlackElo "2691"]
[Annotator "ChessBase II"]
[PlyCount "62"]
[EventDate "2018.05.26"]
[EventType "team-tourn"]
[EventRounds "11"]
[EventCountry "FRA"]
[SourceTitle "EXT 2019"]
[Source "ChessBase"]
[SourceDate "2018.10.10"]
[SourceVersion "1"]
[SourceVersionDate "2018.10.10"]
[SourceQuality "1"]
[WhiteTeam "Bois Colombes"]
[BlackTeam "Tremblay en France"]
[WhiteTeamCountry "FRA"]
[BlackTeamCountry "FRA"]
[TimeControl "40/5400+30:1800+30"]

1. e4 e5 2. Nf3 Nc6 3. Bb5 Nf6 4. O-O Nxe4 5. Re1 Nd6 6. Nxe5 Be7 7. Bf1 Nxe5 8. Rxe5 O-O 9. d4 Bf6 10. Re1 Nf5 11. c3 d5 12. Bd3 (12. Bf4 c6 13. Nd2 Nh4 14. Bd3 Bf5 15. Bxf5 Nxf5 16. Nf3 Qd7 17. Ne5 Bxe5 18. Rxe5 f6 19. Re1 Rfe8 20. Qd3 Rxe1+ 21. Rxe1 Re8 22. Re2 Rxe2 23. Qxe2 Kf7 24. Qh5+ Kg8 25. Qe2 Kf7 26. Qh5+ Kg8 27. Qe2 {½-½ (27) Adams,M (2715)-Aronian,L (2805) London 2017}) 12... c6 13. Nd2 Re8 $146 (13... Nh4 14. Qc2 Ng6 15. Nf3 Qd6 16. h4 Nxh4 17. Bxh7+ Kh8 18. Nxh4 Bxh4 19. Bf5 g6 20. Bxc8 Rfxc8 21. Qd2 Kg8 22. Qh6 Bf6 23. Bf4 Qf8 24. Qh2 Re8 25. Bh6 Rxe1+ 26. Rxe1 Re8 27. Re3 Rxe3 28. Bxe3 a6 29. Qc7 Qe7 30. Qc8+ Kg7 31. g3 g5 32. b4 Qe4 33. Qxb7 Qb1+ 34. Kh2 Qh7+ 35. Kg2 Qe4+ 36. Kg1 Qb1+ 37. Kh2 Qh7+ 38. Kg1 Qb1+ {½-½ (38) Safarli,E (2653)-Mastrovasilis,D (2589) Warsaw 2013}) 14. Rxe8+ Qxe8 15. Nf3 Nh4 16. Nxh4 Bxh4 17. Bf4 Bf6 18. Qd2 Be6 19. Re1 Qd7 20. Bg5 Qd8 21. Bxf6 Qxf6 22. Re5 h6 23. Qe3 $14 Kf8 24. h3 (24. f4 Re8 25. f5 Bd7 $11 26. Rxe8+ Bxe8 27. Qe5 Qg5) 24... b6 25. Bc2 Bd7 26. Qg3 Re8 27. Rxe8+ Bxe8 28. Qb8 Qe7 29. Bd3 b5 30. b4 Qe1+ 31. Bf1 f6 1/2-1/2

[Event "FRA-chT Top 12"]
[Site "Brest"]
[Date "2018.06.02"]
[Round "8"]
[White "Chabanon, Jean Luc"]
[Black "Zhigalko, Sergei"]
[Result "0-1"]
[ECO "A17"]
[WhiteElo "2450"]
[BlackElo "2606"]
[Annotator "ChessBase II"]
[PlyCount "96"]
[EventDate "2018.05.26"]
[EventType "team-tourn"]
[EventRounds "11"]
[EventCountry "FRA"]
[SourceTitle "EXT 2019"]
[Source "ChessBase"]
[SourceDate "2018.10.10"]
[SourceVersion "1"]
[SourceVersionDate "2018.10.10"]
[SourceQuality "1"]
[WhiteTeam "T H F Saint-Quentin"]
[BlackTeam "Bois Colombes"]
[WhiteTeamCountry "FRA"]
[BlackTeamCountry "FRA"]
[TimeControl "40/5400+30:1800+30"]

1. Nf3 Nf6 2. c4 e6 3. Nc3 Bb4 4. Qc2 O-O 5. a3 Bxc3 6. Qxc3 d6 7. b4 e5 (7... a5 8. Bb2 e5 9. e3 b6 10. Be2 axb4 11. axb4 Rxa1+ 12. Bxa1 c5 13. b5 Re8 14. d3 Nbd7 15. O-O Bb7 16. Bb2 Nf8 17. Ra1 Qb8 18. Nh4 Ng6 19. Nxg6 hxg6 20. Bf1 d5 21. d4 Ne4 22. Qc2 dxc4 23. Bxc4 cxd4 24. exd4 Rc8 25. Qe2 exd4 26. Bxd4 Qd6 27. Be3 Qb4 28. Bd3 Nc5 29. h3 Nxd3 {½-½ (29) Cheparinov,I (2687)-Almasi,Z (2688) Varadero 2016}) 8. Bb2 Re8 9. d3 Bg4 10. e3 Bxf3 11. gxf3 Nbd7 12. Bh3 $146 (12. Be2 c5 13. O-O d5 14. cxd5 Nxd5 15. Qb3 N5b6 16. Rfc1 Rc8 17. Qd1 Qh4 18. bxc5 Nxc5 19. Rab1 Rc6 20. Qf1 Rh6 21. h3 Nbd7 22. Bc3 b6 23. Rb4 Qe7 24. Rg4 Nf6 25. Rg5 Rg6 26. Rxg6 hxg6 27. Bb4 Nfd7 28. Qd1 a5 29. Bc3 Ne6 30. Qa4 Ndc5 {½-½ (30) Jakovljevic,V (2433)-Kuljasevic,D (2579) Malinska 2013}) 12... Nf8 13. O-O-O a5 $1 14. d4 (14. b5 $5 {Plus solide} N8d7 15. d4 exd4 16. exd4 $13 ) 14... axb4 $132 15. axb4 e4 16. Bg2 d5 17. fxe4 Nxe4 18. Bxe4 dxe4 19. d5 f6 20. c5 Qd7 21. d6 cxd6 22. Rxd6 Qxd6 $1 23. cxd6 Rac8 24. Rd1 Rxc3+ 25. Bxc3 Nd7 26. Rd4 Kf7 27. Rc4 b5 28. Rc6 Ra8 29. Rc7 Ke6 30. Rb7 Rb8 31. Ra7 Rb6 32. Bd4 Rxd6 33. Rb7 Rd5 34. Kd2 Rh5 35. Ke2 Kd6 36. Kf1 Kc6 37. Ra7 Rxh2 38. Ra6+ Kd5 39. Ra7 Ke6 40. Ra6+ Ke7 41. Ra7 Rh5 42. Bc5+ Ke6 43. Ra6+ Kf5 44. Ra5 Kg4 45. Rxb5 Kf3 46. Ke1 Rd5 47. Ra5 Ne5 48. Bd4 Nd3+ 0-1

[Event "FRA-chT Top 12"]
[Site "Brest"]
[Date "2018.06.03"]
[Round "9"]
[White "Hera, Imre Jr"]
[Black "Zhigalko, Sergei"]
[Result "1/2-1/2"]
[ECO "A11"]
[WhiteElo "2620"]
[BlackElo "2606"]
[PlyCount "23"]
[EventDate "2018.05.26"]
[EventType "team-tourn"]
[EventRounds "11"]
[EventCountry "FRA"]
[SourceTitle "EXT 2019"]
[Source "ChessBase"]
[SourceDate "2018.10.10"]
[SourceVersion "1"]
[SourceVersionDate "2018.10.10"]
[SourceQuality "1"]
[WhiteTeam "Grasse Echecs"]
[BlackTeam "Bois Colombes"]
[WhiteTeamCountry "FRA"]
[BlackTeamCountry "FRA"]
[TimeControl "40/5400+30:1800+30"]

1. Nf3 d5 2. g3 c6 3. Bg2 Bg4 4. c4 e6 5. cxd5 Bxf3 6. Bxf3 cxd5 7. O-O Nf6 8. Nc3 Nc6 9. Bg2 Be7 10. d3 O-O 11. a3 Rc8 12. Bd2 1/2-1/2

[Event "FRA-chT Top 12"]
[Site "Brest"]
[Date "2018.06.04"]
[Round "10"]
[White "Balogh, Csaba"]
[Black "Zhigalko, Sergei"]
[Result "1/2-1/2"]
[ECO "B33"]
[WhiteElo "2628"]
[BlackElo "2606"]
[PlyCount "32"]
[EventDate "2018.05.26"]
[EventType "team-tourn"]
[EventRounds "11"]
[EventCountry "FRA"]
[SourceTitle "EXT 2019"]
[Source "ChessBase"]
[SourceDate "2018.10.10"]
[SourceVersion "1"]
[SourceVersionDate "2018.10.10"]
[SourceQuality "1"]
[WhiteTeam "Metz Fischer"]
[BlackTeam "Bois Colombes"]
[WhiteTeamCountry "FRA"]
[BlackTeamCountry "FRA"]
[TimeControl "40/5400+30:1800+30"]

1. e4 c5 2. Nf3 Nc6 3. d4 cxd4 4. Nxd4 Nf6 5. Nc3 e5 6. Ndb5 d6 7. Bg5 a6 8. Na3 b5 9. Nd5 Be7 10. Bxf6 Bxf6 11. c4 b4 12. Nc2 O-O 13. g3 a5 14. h4 Be6 15. Bh3 a4 16. Nce3 Nd4 {[%emt 0:44:13] Une nulle théorique} 1/2-1/2

[Event "FRA-chT Top 12"]
[Site "Brest"]
[Date "2018.06.05"]
[Round "11"]
[White "Zhigalko, Sergei"]
[Black "Heimann, Andreas"]
[Result "1/2-1/2"]
[ECO "E54"]
[WhiteElo "2606"]
[BlackElo "2588"]
[Annotator "ChessBase II"]
[PlyCount "120"]
[EventDate "2018.05.26"]
[EventType "team-tourn"]
[EventRounds "11"]
[EventCountry "FRA"]
[SourceTitle "EXT 2019"]
[Source "ChessBase"]
[SourceDate "2018.10.10"]
[SourceVersion "1"]
[SourceVersionDate "2018.10.10"]
[SourceQuality "1"]
[WhiteTeam "Bois Colombes"]
[BlackTeam "Mulhouse Philidor"]
[WhiteTeamCountry "FRA"]
[BlackTeamCountry "FRA"]
[TimeControl "40/5400+30:1800+30"]

1. Nf3 d5 2. d4 Nf6 3. c4 e6 4. Nc3 Bb4 5. e3 O-O (5... c6) 6. Bd3 c5 7. O-O cxd4 8. exd4 dxc4 9. Bxc4 b6 10. Bg5 Bb7 11. Ne5 Nbd7 12. Nxd7 Qxd7 13. Bxf6 gxf6 14. d5 Bxc3 15. bxc3 Bxd5 16. Qg4+ Kh8 17. Qh4 Kg7 $146 (17... Bxc4 18. Qxf6+ Kg8 19. Qg5+ Kh8 20. Qf6+ Kg8 21. Qg5+ Kh8 22. Qf6+ Kg8 {½-½ (22) Zhigalko,S (2638)-Adams,M (2727) Heraklio 2017}) 18. Rad1 Qc6 19. Bxd5 exd5 20. Rd3 f5 $1 21. Qg3+ Kh8 22. Qe5+ f6 23. Qxf5 Rad8 24. Re1 Rfe8 25. Rde3 Re4 $132 26. f3 Rxe3 27. Rxe3 Rf8 28. h4 Qd6 29. h5 d4 30. Rd3 Qc5 31. Qxc5 bxc5 32. cxd4 Rd8 33. d5 c4 34. Rd4 c3 35. g4 f5 36. Kf2 fxg4 37. fxg4 c2 38. Rc4 Rxd5 39. Rxc2 Ra5 40. h6 Kg8 41. Kg3 Kf7 42. Kh4 Kg6 43. Rc6+ Kf7 44. g5 Rxa2 45. Rc7+ Kg8 46. Rc8+ Kf7 47. Rh8 Kg6 48. Rg8+ Kf5 49. Rf8+ Ke6 50. Rh8 Kf5 51. Rxh7 Rh2+ 52. Kg3 Rh5 53. Rg7 a5 54. h7 a4 55. g6 a3 56. Ra7 Kxg6 57. Rxa3 Rxh7 58. Ra6+ Kg7 59. Ra7+ Kg6 60. Rxh7 Kxh7 1/2-1/2